 Dungeon Sprint DCSS version 0.29-a0-887-gcbe080d7e0 (webtiles) character file.

Game seed: 13364829623099176811

1920 rocky1 the Thaumaturge (level 8, -7/45 HPs)
             Began as a Deep Elf Conjurer on July 22, 2022.
             Was a High Priest of Sif Muna.
             Mangled by a hornet (8 damage)
             ... in the Dungeon (Sprint VII: "The Pits").
             The game lasted 00:08:18 (1279 turns).

rocky1 the Thaumaturge (Deep Elf Conjurer)          Turns: 1279, Time: 00:08:19

Health: -7/45      AC:  2    Str:  4    XL:     8   Next: 96%
Magic:  21/27      EV: 13    Int: 26    God:    Sif Muna [*****.]
Gold:   0          SH:  0    Dex: 13    Spells: 22/33 levels left

rFire   . . .      SeeInvis .   v - +4 quarterstaff (speed)
rCold   . . .      Faith    .   (shield currently unavailable)
rNeg    . . .      Spirit   .   a - +0 robe
rPois   .          Reflect  .   (no helmet)
rElec   .          Harm     .   (no cloak)
rCorr   .          Rampage  .   (no gloves)
Will    .....      NoTele   +   (no boots)
Stlth   ++........              (no amulet)
HPRegen 0.15/turn               (no ring)
MPRegen 0.20/turn               (no ring)

@: lethally poisoned (-7 -> -12), slowed, very slow
A: no striking features
a: Renounce Religion, Channel Magic, Forget Spell, Divine Exegesis


You were in the Dungeon.
You worshipped Sif Muna.
Sif Muna was extremely pleased with you.
You visited 1 branch

Inventory:

Hand Weapons
 n - a +2 quarterstaff of speed
 u - a +2 vampiric rapier
 v - a +4 quarterstaff of speed (weapon)
 w - a +2 scimitar of holy wrath
Armour
 a - a +0 robe (worn)
 l - a +3 ring mail
 r - a +0 pair of gloves
 s - a +0 pair of boots
 t - a +0 cloak
Jewellery
 k - a +3 ring of intelligence
 o - a +3 ring of protection
Scrolls
 g - a scroll of blinking
 i - 5 scrolls of amnesia
 j - a scroll of summoning
Potions
 b - 5 potions of magic
 c - 9 potions of curing
 d - 9 potions of heal wounds
 e - a potion of haste
 f - 2 potions of berserk rage
 h - 2 potions of invisibility
 p - a potion of brilliance
 q - a potion of mutation


   Skills:
 + Level 2.6 Fighting
 + Level 4.8 Dodging
 - Level 2.4 Stealth
 + Level 13.3 Spellcasting
 + Level 12.1 Conjurations
 - Level 8.0 Hexes
 - Level 6.6 Translocations
 + Level 10.9 Invocations


You had 22 spell levels left.
You knew the following spells:

 Your Spells              Type           Power      Damage    Failure   Level
a - Magic Dart            Conj           100%       1d8       1%          1
b - Searing Ray           Conj           100%       2d8       1%          2
c - Iskenderun's Mystic   Conj/Tloc      60%        2d13      1%          4
d - Fulminant Prism       Conj/Hex       31%        3d16      1%          4

Your spell library contained the following spells:

 Spells                   Type           Power      Damage    Failure   Level
 Dazzling Flash           Conj/Hex       100%       N/A       1%          3
 Hailstorm                Conj/Ice       48%        3d11      2%          4
 Freezing Cloud           Conj/Ice/Air   19%        6-21      17%         5
 Conjure Ball Lightning   Conj/Air       24%        3x3d7     38%         6


Dungeon Overview and Level Annotations

Branches:
Dungeon (1/1)

Altars:
Ashenzari
Cheibriados
Dithmenos
Elyvilon
Fedhas
Gozag
Hepliaklqana
Kikubaaqudgha
Makhleb
Nemelex Xobeh
Okawaru
Qazlal
Ru
Sif Muna
Trog
Uskayaw
Vehumet
Wu Jian
Xom
Yredelemnul
Zin
The Shining One
Jiyva
Lugonu


Message History

Okay, then.
Casting: Searing Ray (safe; 1% risk of failure)
Confirm with . or Enter, or press ? or * to list all spells.
Aiming: Fulminant Prism (dangerous; 1% risk of failure)
Press: ? - help, Dir - move target You conjure a prism of explosive energy!
A fulminant prism comes into view.
Unknown command.
The troll shouts!
The hornet buzzes angrily.
Your fulminant prism crackles loudly.
The troll bites your fulminant prism! The troll claws your fulminant prism!
Your fulminant prism explodes!
The blast of energy engulfs the troll!
The troll is heavily wounded.
The blast of energy engulfs the hornet!
The hornet is moderately wounded.
Unknown command.
The hornet attacks as you move away! The hornet stings you.
You are poisoned.
You feel yourself slow down.
You feel yourself speed up.
You feel very sick. The hornet misses you.
Casting: Fulminant Prism (dangerous; 1% risk of failure)
Confirm with . or Enter, or press ? or * to list all spells.
Aiming: Searing Ray (safe; 1% risk of failure)
Press: ? - help, Shift-Dir - straight line, f - hornet
Aim: a hornet (moderately wounded, 74% to hit)
The searing ray hits the hornet!
The hornet is severely wounded. (Press . to maintain the ray.)
You feel very sick. The hornet stings you!
You feel yourself slow down.
The searing ray hits the hornet but does no damage.
The hornet is severely wounded.
You feel sick. The hornet stings you!
* * * LOW HITPOINT WARNING * * *
You feel as though you will be slow longer.
The hornet stings you!
You die...

______.# ______.#
____...###########++######
######'##................#
.')))'.##......#..#......#
######.##................+
........'................+
###'#####......#..#......#
..#.#..##.......@y.......#
..#.#))#####'#####T'######
..'.#))##.......##''#
'####.)##.......##....
†...#.[##.......##.T...
....#'###...<...##.....#
.......##.......##...###
.......##.......##..##
#########.......#


You could see a troll and a hornet.

Vanquished Creatures
  Erolcha (D)
  A flayed ghost (D)
  Pikel (D)
  A floating eye (D)
  An ice beast (D)
  A wolf (D)
  A bullfrog (D)
  A hell rat (D)
  A white imp (D)
  An ufetubus (D)
  An adder skeleton (D)
  A worm (D)
  2 endoplasms (D)
  A giant cockroach (D)
  A hobgoblin (D)
  5 jackals (D)
  A quokka (D)
  A ball python skeleton (D)
  A rat (D)
24 creatures vanquished.

Vanquished Creatures (others)
  A fulminant prism (D)
1 creature vanquished.

Grand Total: 25 creatures vanquished

Notes
Turn   | Place    | Note
-------+----------+-------------------------------------------
     0 | D        | rocky1 the Deep Elf Conjurer began the quest for the Orb.
     0 | D        | Reached XP level 1. HP: 10/10 MP: 6/6
    20 | D        | Found a bloodstained altar of Trog.
    20 | D        | Found a shimmering blue altar of Sif Muna.
    20 | D        | Found a viscous altar of Jiyva.
    20 | D        | Found a hazy altar of Hepliaklqana.
    20 | D        | Found an opulent altar of Gozag.
    21 | D        | Found a glowing golden altar of the Shining One.
    21 | D        | Found a glowing silver altar of Zin.
    21 | D        | Found a basalt altar of Yredelemnul.
    21 | D        | Found a shimmering altar of Xom.
    21 | D        | Found an ornate altar of the Wu Jian Council.
    21 | D        | Found a sacrificial altar of Ru.
    21 | D        | Found a stormy altar of Qazlal.
    21 | D        | Found an iron altar of Okawaru.
    21 | D        | Found a sparkling altar of Nemelex Xobeh.
    21 | D        | Found a burning altar of Makhleb.
    21 | D        | Found a blossoming altar of Fedhas.
    21 | D        | Found a white marble altar of Elyvilon.
    21 | D        | Found a shadowy altar of Dithmenos.
    21 | D        | Found a snail-covered altar of Cheibriados.
    24 | D        | Found a corrupted altar of Lugonu.
    24 | D        | Found a radiant altar of Vehumet.
    25 | D        | Found an ancient bone altar of Kikubaaqudgha.
    25 | D        | Found a hide-covered altar of Uskayaw.
    25 | D        | Found a broken altar of Ashenzari.
    26 | D        | Became a worshipper of Sif Muna the Loreminder
    65 | D        | Reached skill level 5 in Conjurations
    67 | D        | Reached * piety under Sif Muna
    68 | D        | Reached skill level 1 in Invocations
   240 | D        | Reached skill level 4 in Spellcasting
   240 | D        | Reached XP level 2. HP: 15/15 MP: 5/9
   277 | D        | Learned a level 2 spell: Searing Ray
   281 | D        | Reached ** piety under Sif Muna
   329 | D        | Noticed a floating eye
   332 | D        | Paralysed by a floating eye for 2 turns
   336 | D        | Killed a floating eye
   337 | D        | Reached skill level 6 in Spellcasting
   337 | D        | Reached XP level 3. HP: 22/22 MP: 8/12
   337 | D        | Reached XP level 4. HP: 27/27 MP: 9/14
   386 | D        | Learned a level 4 spell: Iskenderun's Mystic Blast
   391 | D        | Learned a level 4 spell: Fulminant Prism
   403 | D        | Reached *** piety under Sif Muna
   405 | D        | Noticed a wolf
   418 | D        | Noticed a bullfrog
   419 | D        | Killed a wolf
   420 | D        | Reached skill level 7 in Spellcasting
   420 | D        | Reached skill level 5 in Invocations
   420 | D        | Reached XP level 5. HP: 27/31 MP: 1/17
   425 | D        | Reached **** piety under Sif Muna
   426 | D        | Reached skill level 8 in Spellcasting
   426 | D        | Reached XP level 6. HP: 36/36 MP: 1/19
   560 | D        | Noticed an ice beast
   564 | D        | Killed an ice beast
   565 | D        | Reached skill level 5 in Hexes
   723 | D        | Noticed Pikel
   725 | D        | Reached ***** piety under Sif Muna
   727 | D        | Killed Pikel
   728 | D        | Reached skill level 10 in Spellcasting
   728 | D        | Reached XP level 7. HP: 40/40 MP: 14/22
   869 | D        | Noticed Erolcha
   869 | D        | Noticed a flayed ghost
   881 | D        | Killed a flayed ghost
   881 | D        | Received a gift from Sif Muna
   882 | D        | Reached skill level 12 in Spellcasting
   882 | D        | Reached XP level 8. HP: 41/45 MP: 19/26
   895 | D        | Killed Erolcha
   896 | D        | Reached skill level 13 in Spellcasting
   896 | D        | Reached skill level 10 in Invocations
   989 | D        | Got Noareoc's Omnibus of the Impact {god gift}
  1272 | D        | Noticed a hornet
  1272 | D        | Noticed a troll
  1279 | D        | HP: 1/45 [hornet (14)]
  1279 | D        | Mangled by a hornet

Illustrated notes

Levels and vault maps discovered:
D:        pitsprint [storerooms_1, entrance_room_1, metal_vault_4, armoury_1,
          mini_pit_1, grid_room_1, main_hall_1, silver_pit, the_coven_1,
          the_vestibule_1, steel_vault_3, golden_pit, hallway_of_sentries,
          crystal_vault_3, iron_vault_1, final_vault]

Skill      XL: |  1  2  3  4  5  6  7  8 |
---------------+-------------------------+-----
Conjurations   | 5 7 8 9 11 12 | 12.1
Invocations    | 1 4 5 8 9 10 | 10.9
Spellcasting   | 4 6 7 8 10 12 13 | 13.3
Fighting       | 2 |  2.6
Dodging        | 4 |  4.8
Hexes          | 3 4 8 |  8.0
Translocations | 2 3 6 |  6.6
Stealth        | |  2.4

Action                   |  1- 3 |  4- 6 |  7- 9 || total
-------------------------+-------+-------+-------++-------
Melee: Quarterstaff      |     4 |     4 |     2 ||    10
 Cast: Magic Dart        |    19 |     8 |       ||    27
       Searing Ray       |       |     6 |     6 ||    12
       Fulminant Prism   |       |       |     1 ||     1
Invok: Channel Magic     |       |       |     1 ||     1
  Use: Potion            |       |     2 |     3 ||     5
Armor: Robe              |     1 |     5 |       ||     6
Dodge: Dodged            |     2 |    10 |     5 ||    17

Table legend: (Time is in decaauts)
 A = Elapsed time spent in this place.
 B = Non-inter-level travel time spent in this place.
 C = Inter-level travel time spent in this place.
 D = Time resting spent in this place.
 E = Time spent auto-exploring this place.
 F = Levels seen in this place.
 G = Mean time per level.
                   A        B        C        D        E       F      G
               +--------+--------+--------+--------+--------+-----+--------+
         Total |   1283 |   1211 |     72 |    837 |      0 |   1 | 1283.0 |
       Dungeon |   1283 |   1211 |     72 |    837 |      0 |   1 | 1283.0 |
               +--------+--------+--------+--------+--------+-----+--------+

Top non-repeatable levels by time:
       D: 1283 daAuts
